[Event "Marshall CC U2400 April 2024"]
[Site "New York"]
[Date "2024.04.20"]
[Round "2.4"]
[White "Knowles, Chase"]
[Black "Zhou, Abigail"]
[Result "1/2-1/2"]
[ECO "A13"]
[WhiteElo "1978"]
[BlackElo "1702"]
[Annotator "TA"]
[PlyCount "130"]
[EventDate "2024.04.20"]
[EventType "swiss"]
[EventCountry "USA"]
[SourceTitle "playchess.com"]
[Source "ChessBase"]
[SourceQuality "1"]
[TimeControl "5400+30"]

1. Nf3 d5 2. c4 e6 3. e3 Nf6 4. Nc3 Be7 5. b3 O-O 6. Bb2 b6 7. cxd5 exd5 8. Rc1 c5 9. d4 Be6 10. Ng5 ({White should play} 10. Bd3 $14) 10... Bf5 (10... Bg4 $11 11. Be2 cxd4 12. Qxd4 Nc6) 11. Bd3 Bxd3 12. Qxd3 h6 (12... cxd4 $11 13. exd4 Nc6) 13. Nf3 $14 Re8 14. O-O Nbd7 15. Ne5 (15. Rfd1 $16) 15... Bd6 16. f4 Rc8 17. Rf3 Nf8 18. Rd1 cxd4 19. Qxd4 Ne6 20. Qd3 Nc7 (20... Bc5 $11 {remains equal.}) 21. Nc6 $16 {[%emt 0:06:47][%csl LRa7,LRd8] White is much more active.} Qd7 22. Nxa7 Ra8 23. Nab5 Bc5 24. a4 ({Better is} 24. Nxc7 $18 Qxc7 25. Nb5 (25. Nxd5 $2 Nxd5 26. Bd4 Bxd4 $19)) 24... Na6 25. Na2 {[%emt 0:05:35] Bxf6 would now be deadly.} Ng4 26. Nd4 (26. Qxd5 $2 Bxe3+ 27. Kh1 (27. Rxe3 $2 Qxd5 28. Rxd5 Rxe3 $19) 27... Nf2+ 28. Rxf2 Qxd5 29. Rxd5 Bxf2 $19) 26... Qe7 (26... Nf6 $16) 27. Nf5 (27. b4 $18 Qh4 28. h3 (28. bxc5 $2 Qxh2+ 29. Kf1 Nxc5 $19) 28... Rxe3 (28... Nxb4 29. Nxb4 Rxe3 30. Qf1 $18) 29. Qf1 Nxb4 30. Nxb4 (30. hxg4 Rxf3 31. gxf3 Nxa2 $17) 30... Bxb4 31. Nf5 (31. hxg4 Rxf3 32. Nxf3 Qxg4 $16)) 27... Qe4 $14 28. Rg3 (28. Bxg7 $2 Nxe3 29. Nxe3 Bxe3+ (29... Kxg7 30. Qc3+ f6 31. Rg3+ Kf7 32. Rd3 $11) 30. Qxe3 Qxe3+ 31. Rxe3 Rxe3 $19) (28. Qxd5 $2 Rad8 29. Qxd8 Rxd8 (29... Nxe3 30. Qxe8+ Qxe8 31. Nxe3 $14) 30. Rxd8+ Kh7 $19) (28. Bd4 $14 g6 29. Ng3 Qxd3 30. Rxd3) 28... Nxe3 $40 {[%emt 0:04:47][%mdl 128] Black is up to no good.} 29. Rxg7+ $2 (29. Nxe3 $15 Bxe3+ 30. Kf1 (30. Kh1 $2 d4 $19)) 29... Kf8 $19 30. Nxe3 Bxe3+ 31. Kh1 {[%emt 0:00:08] [#] Strongly threatening Qxe4.} Qxd3 32. Rxd3 {[%emt 0:00:09] [#]} Bd4 $1 33. Bxd4 Re1+ 34. Bg1 Kxg7 35. h3 Rd8 ({Black should try} 35... Nc5 $19 36. Rxd5 Nxb3) 36. Kh2 Rd6 (36... Nc5 $17 37. Rg3+ Kh7) 37. Nc3 $11 Nc7 38. b4 f6 39. a5 bxa5 40. bxa5 Ra1 41. Bb6 Rd7 42. g4 (42. Ne4 $11 Nb5 43. Nc5) 42... Kf7 43. Bxc7 (43. Ne4 $15) 43... Rxc7 $17 44. Nxd5 $15 {[%emt 0:01:05][%mdl 4096] Endgame. KRR-KRN} Rc2+ (44... Rd7 $17 {Threatens to win with ...Ra2+.} 45. Nb4 Rxd3 46. Nxd3 Ra2+ (46... Rxa5 47. Nf2 $17) 47. Kg1 h5 (47... Rxa5 48. Kg2 $17) 48. gxh5 Ra3 (48... Rxa5 49. Kg2 $17)) 45. Kg3 $11 Rxa5 46. f5 {[%emt 0:00:31] The position is equal.} Ra7 47. Nf4 Rc6 48. Kh4 Kg7 49. Ne6+ Kh7 50. Rd8 Rf7 51. Kh5 Rc3 52. h4 Rh3 53. Nf4 Rh1 54. Ng6 Rh2 55. Rh8+ Kg7 56. Rxh6 Rf2 57. Rh8 Rf1 58. Ra8 Rf2 59. Ra5 Rf1 60. g5 fxg5 61. Kxg5 Rg1+ 62. Kh5 Rf1 63. Kg4 Rg1+ {[%emt 0:00:10][%mdl 1024] Black has compensation.} 64. Kh3 Rf1 65. Kg4 Rg1+ {[%emt 0:00:09] And White is the lucky defender.   Weighted Error Value: White=0.21 (precise) /Black=0.21 (precise) .  Loses game:     	White=1     	---        Mistake:       	White=7     	Black=8      Inaccurate:     	White=2     	Black=4      OK:         	White=17    	Black=15     Best:        	White=9     	Black=1} 1/2-1/2

[Event "Marshall CC U2400 April 2024"]
[Site "New York"]
[Date "2024.04.20"]
[Round "2.5"]
[White "Yang, Leah"]
[Black "Sarkar, Justin"]
[Result "0-1"]
[ECO "B23"]
[WhiteElo "1676"]
[BlackElo "2279"]
[Annotator "TA"]
[PlyCount "112"]
[EventDate "2024.04.20"]
[EventType "swiss"]
[EventCountry "USA"]
[SourceTitle "playchess.com"]
[Source "ChessBase"]
[SourceQuality "1"]
[TimeControl "5400+30"]

1. e4 c5 2. Nc3 Nc6 3. Bb5 Nd4 4. Bc4 Nf6 5. d3 e6 6. Nge2 d5 7. exd5 exd5 8. Bb3 {[%emt 0:00:31] The position is equal.} Nxb3 9. axb3 d4 10. Ne4 Be7 11. O-O O-O 12. Bf4 (12. Nxf6+ $11 {remains equal.} Bxf6 13. Ng3) 12... Nd5 $17 13. Re1 f5 14. Nd2 Bf6 15. Bg3 ({White should play} 15. Nf3 $15) 15... g5 16. h3 f4 17. Bh2 Bg7 18. Kh1 b6 {[%emt 0:00:26] Black is more active.} 19. Ng1 Nb4 20. Ngf3 Bb7 21. Ne4 h6 22. Nfd2 Qd7 23. f3 (23. Rc1 $17 {was called for.}) 23... Nd5 $19 24. Nc4 Ne3 25. Qe2 Bd5 26. Bg1 Rad8 27. Bxe3 dxe3 28. Ra2 {[%emt 0:01:17] White is weak on the dark squares} Rf7 29. Rea1 (29. Ra6 {was worth a try.}) 29... Qc6 (29... Bxe4 $19 {is more deadly.} 30. fxe4 Qe6) 30. Rxa7 $2 {[%emt 0:01:11] Loses the game.} (30. Nc3 $17) 30... Rxa7 31. Rxa7 b5 32. Na3 (32. Nxe3 $142 fxe3 33. Qxe3) 32... Qb6 (32... Bxb2 33. c4 Bxe4 34. Qxb2 $11) 33. Re7 (33. Nxb5 $142 Qxb5 34. c4) 33... Kf8 ({Less strong is} 33... Bxb2 34. Nxb5 Bg7 (34... Qxb5 35. c4 $19) 35. d4 cxd4 (35... Bxd4 36. Nxd4 cxd4 37. Qd3 $15) 36. Qd3 $19) 34. Rxg7 Kxg7 35. Kh2 (35. Nc3 $142 Bc6 36. Qe1) 35... Qa5 {[%emt 0:08:34] [#] ...Bxe4 would now be deadly.} 36. Nb1 b4 {[%emt 0:00:34] Against Nbc3} 37. Qd1 Bxe4 38. fxe4 {[%emt 0:00:07][%mdl 4096] Endgame. KQR-KQN} Qc7 {[%emt 0:00:03] ( -> ...f3+)} 39. Kg1 {[%emt 0:00:20] [#]} f3 $1 40. Qxf3 Qf4 {[%emt 0:00:06] ...Rf8 is the strong threat.} 41. Qxf4 gxf4 {[%emt 0:00:02] KR-KN} 42. Kf1 Ra8 {[%emt 0:00:04] aiming for ...Ra1.} 43. Ke2 Ra1 44. Nd2 exd2 {[%emt 0:00:08] Black mates.} 45. Kxd2 {[%emt 0:00:04] KR-KP} Rg1 46. c3 Rxg2+ 47. Kc1 f3 48. Kb1 bxc3 49. Ka2 f2 50. Ka3 f1=Q 51. Ka4 Qxd3 52. b4 Qa6+ 53. Kb3 Rxb2+ 54. Kxc3 Qe2 55. bxc5 Qd2+ 56. Kc4 Rb4# {[%emt 0:00:02] Weighted Error Value: White=0.68/Black=0.17 (very precise) .  Loses game:     	White=1     	---        Missed win:     	---       	Black=1      Mistake:       	White=7     	---        OK:         	White=12    	Black=12     Best:        	White=1     	Black=2} 0-1

[Event "Marshall CC U2400 April 2024"]
[Site "New York"]
[Date "2024.04.21"]
[Round "3.1"]
[White "Hoffman, Luc"]
[Black "Stancil, Kimani"]
[Result "1/2-1/2"]
[ECO "D00"]
[WhiteElo "2006"]
[BlackElo "1873"]
[Annotator "TA"]
[PlyCount "140"]
[EventDate "2024.04.20"]
[EventType "swiss"]
[EventCountry "USA"]
[SourceTitle "playchess.com"]
[Source "ChessBase"]
[SourceQuality "1"]
[TimeControl "5400+30"]

1. d4 Nf6 2. Bg5 d5 3. e3 a6 4. c4 Ne4 $146 ({Predecessor:} 4... c6 5. Nc3 h6 6. Bh4 e6 7. Nf3 Bd6 8. c5 Bc7 9. Bd3 Nbd7 10. O-O g5 11. Bg3 Bxg3 12. fxg3 {1-0 Goebel,K (1766)-Knoedler,M (929) Wiesbaden op 25th 2013 (2)}) 5. Bh4 g5 6. f3 {[%emt 0:04:01] D00: 1 d4 d5: Unusual lines.} gxh4 7. fxe4 dxe4 8. Nc3 Bh6 9. Qd2 Bf5 10. g3 Nc6 11. Bg2 e5 12. d5 Nd4 13. O-O-O Qg5 14. Re1 O-O-O 15. Qf2 Rhg8 16. Kb1 Kb8 17. Ka1 hxg3 18. hxg3 Qxg3 19. Qxg3 Nc2+ 20. Kb1 Rxg3 21. Kxc2 Rxg2+ 22. Kb3 Bf8 23. Re2 Rg5 24. Nh3 Rg3 25. Nf2 Rg2 26. Rhe1 Bh6 27. Nfxe4 Rdg8 28. c5 Rxe2 29. Rxe2 Bg6 30. Nf6 Rd8 31. e4 (31. Ng4 $17 Bg7 32. e4) 31... Bf8 (31... Bg5 $19 32. Ng4 Bf4) 32. Kc4 (32. c6 $17 {is a better defense.}) 32... b5+ (32... Be7 $19 33. Rf2 h5) 33. Kb4 Be7 (33... h5 $17 34. d6 (34. Rh2 $2 Be7 $19) 34... cxd6) 34. Ng4 $1 $15 Bh5 35. Nxe5 $1 Bxe2 (35... a5+ 36. Kxa5 (36. Kxb5 Bxe2+ 37. Nxe2 Kc8 $11) 36... Bxe2 37. Nc6+ (37. Nxe2 Re8 $11) 37... Ka8 38. Nxd8 $16 (38. Nxe2 Re8 $11)) 36. Nc6+ Ka8 (36... Kb7 $15 37. Nxd8+ (37. Nxe7 $2 Bg4 $19) 37... Bxd8 38. Nxe2 Bf6) 37. Nxd8 $11 (37. Nxe7 Bg4 38. Nc6 Rg8 $17) 37... Bf1 $2 (37... Bxd8 $11 38. Nxe2 Bf6) 38. Nc6 $2 ({White must play} 38. Nxf7 $16 {Threatens to win with d6.} a5+ 39. Kxa5 Bxc5 40. Nxb5) 38... Bg5 39. e5 $2 (39. Ne5 $11 f6 40. Nd7) 39... Bg2 $1 $19 40. Ka5 $2 (40. Nd4 {only move.}) 40... h5 $4 (40... Kb7 $19 {and all is fine. ...h5 is the strong threat.} 41. Nd4 h5 42. c6+ Kc8 43. Kxa6 b4) 41. Kxa6 $18 h4 $2 (41... b4 42. Nb5 (42. Nxb4 $2 h4 $19) 42... Bf1) 42. Nxb5 $18 (42. Kxb5 $2 h3 43. Nb4 h2 $19) 42... Bf1 43. Ncd4 $4 (43. a4 $18 h3 44. d6 cxd6 45. Kb6 Bxb5 46. axb5) 43... h3 $19 44. Nf3 Be2 45. Nh2 Bf4 46. d6 c6 $4 {[%emt 0:02:02][%mdl 8192] [#]} (46... Bxh2 47. d7 (47. dxc7 $2 Bxb5+ 48. Kxb5 Kb7 $19) 47... Bxb5+ 48. Kxb5 Bf4 49. d8=Q+ (49. d8=R+ Kb7 $18) 49... Ka7 50. Qxc7+ Ka8 51. c6 Bh6 52. Qb7#) (46... cxd6 $19 47. cxd6 Bxe5 (47... Bxh2 48. d7 Bxb5+ 49. Kxb5 Kb7 50. d8=Q Bxe5 51. Qb6+ Kc8 52. Kc6 h2 53. Qb7+ Kd8 54. Qd7#) (47... Bxb5+ 48. Kxb5 Kb7 49. Ng4 $19)) 47. a4 $2 (47. Kb6 $1 $18 {Black must now prevent Nd4.} Kb8 (47... Bg5 48. Nd4) 48. d7 (48. Kxc6 $2 Bxb5+ 49. Kxb5 Bxh2 $19)) 47... Bxe5 $2 (47... Bxh2 48. d7 Bxe5 49. d8=Q+ (49. d8=R+ Bb8 50. Kb6 Bxb5 51. axb5 h2 52. Rh8 cxb5 53. c6 h1=Q 54. Rxh1 Ba7+ 55. Kc7 Bb8+ 56. Kd7 Ka7) 49... Bb8 50. Qb6 Bxb5+ 51. axb5 cxb5 52. Qc6#) (47... cxb5 48. Kb6 Kb8 (48... Bxh2 49. d7 Bxe5 50. d8=Q+ Bb8 51. Qd5#) 49. d7 $19) (47... Kb8 $11 48. d7 Bg5 (48... Bxh2 49. d8=Q#)) 48. Kb6 $1 $18 cxb5 {[%emt 0:00:26] [#]} 49. axb5 $4 (49. d7 $1 {was the only winning move.} Bf6 50. c6 Bd4+ 51. Ka5 Bf6 52. c7 (52. axb5 Bxb5 53. Kxb5 Kb8 $11) 52... bxa4 53. Kb6 (53. d8=Q+ Bxd8 54. cxd8=Q+ Kb7 55. Qd7+ Kb8 56. Kb6 Ba6 57. Qc7+ Ka8 58. Qa7#) 53... Bd4+ 54. Kc6) 49... Kb8 $19 (49... Bxh2 50. d7 Bb8 51. d8=Q (51. d8=R $2 h2 $19) 51... Bf3 52. Qc8 h2 53. Qa6+) 50. d7 Bc7+ (50... Bxh2 51. d8=Q#) 51. Kc6 f5 ({And not} 51... Bxh2 52. d8=R+ (52. d8=Q+ Ka7 53. Qb6+ Ka8 54. Qb7#) 52... Ka7 53. b6+ Ka6 54. Ra8#) 52. b6 Bd8 ({Weaker is} 52... Bxh2 53. d8=Q#) 53. Kd5 Kb7 54. Kd6 f4 55. Ke5 f3 56. Ng4 Kc6 57. b4 Bc4 58. Kd4 Be2 $2 (58... Be6 $19 59. Nh2 Bxd7 (59... Kxd7 $2 60. Nxf3 Bf6+ 61. Ke4 $19) 60. Nxf3 Bf6+ 61. Ke4 Be6) 59. Ke3 $2 (59. Ke5 $11 Kxd7 60. Kf4) 59... Kxd7 $19 60. Ne5+ Kc8 61. Nxf3 Bb5 (61... Bxf3 $142 62. Kxf3 Bh4 63. c6 Kb8 64. b7 Kc7 65. b5 Kb8 66. Kg4 h2 67. Kxh4 h1=Q+ (67... h1=R+ {gets mated.} 68. Kg3 Rb1 69. Kh4 Rxb5 70. Kg3 Kc7 71. Kh3 Kxc6 72. Kg4 Rxb7 73. Kf4 Kd5 74. Kf5 Rf7+ 75. Kg6 Rf4 76. Kg5 Ke5 77. Kg6 Rf3 78. Kg7 Rf5 79. Kg6 Ke6 80. Kg7 Rf6 81. Kg8 Rg6+ 82. Kh8 Kf6 83. Kh7 Kf7 84. Kh8 Rh6#) 68. Kg4 Qd5 69. Kh4 Qxb5 70. Kg3 Qxc6 71. Kf2 Kxb7 72. Kg3 Qf6 73. Kg4 Kc6 74. Kg3 Kd5 75. Kg2 Ke4 76. Kg3 Qf3+ 77. Kh4 Qg2 78. Kh5 Kf5 79. Kh6 Qg6#) 62. Kf4 $19 Bc6 63. Nh2 Kb7 (63... Bg2 $142 64. Kg3 Bf6) 64. Kg3 $19 Bg2 65. Ng4 Bg5 66. Nf2 Bd2 67. Nxh3 Bc6 68. Nf4 Be4 69. b5 Be3 70. Ne6 {[%emt 0:00:07] [#]} Bxc5 $2 (70... Bd5 $1 $19 71. Nd8+ Kc8 72. b7+ Kc7) 1/2-1/2

[Event "Marshall CC U2400 April 2024"]
[Site "New York"]
[Date "2024.04.21"]
[Round "3.3"]
[White "Wallace, Harper"]
[Black "Jiang, Jason"]
[Result "0-1"]
[ECO "D00"]
[WhiteElo "1788"]
[BlackElo "2005"]
[Annotator "TA"]
[PlyCount "68"]
[EventDate "2024.04.20"]
[EventType "swiss"]
[EventCountry "USA"]
[SourceTitle "playchess.com"]
[Source "ChessBase"]
[SourceQuality "1"]
[TimeControl "5400+30"]

1. d4 Nf6 2. Bg5 d5 3. Bxf6 exf6 4. e3 Bd6 5. c4 dxc4 6. Bxc4 O-O 7. Nc3 f5 8. Nge2 Nd7 9. Qc2 Nf6 10. O-O {[%emt 0:00:06] [#]} (10. g3 $11 {remains equal.}) 10... Re8 ({Black should try} 10... Bxh2+ $1 $17 11. Kxh2 Ng4+ 12. Kg3 Qg5) 11. h3 c6 12. a3 g6 13. Rfd1 b5 14. Bb3 Bd7 15. Rac1 Qb6 16. Ba2 a5 17. a4 Rab8 18. axb5 (18. d5 $15 c5 19. axb5) 18... cxb5 $17 19. Nd5 Nxd5 20. Bxd5 a4 21. Ra1 (21. Bc6 $15 Bxc6 22. Qxc6) 21... Rbc8 22. Qd3 b4 23. Rdc1 (23. Bc4 $17) 23... Bb5 24. Qd1 Rxc1 25. Rxc1 Qa6 26. Nf4 b3 27. g3 Rc8 28. Ng2 (28. Kh2 {was necessary.}) 28... Kg7 $19 29. Rxc8 Qxc8 30. Ne1 {[%emt 0:00:21] Inhibits Qc2.} Bb4 {[%emt 0:01:39] And now ...Qd7 would win. This pair of bishops is nice.} 31. Bf3 $2 (31. Bxb3 axb3 32. Qxb3) 31... Bxe1 32. Qxe1 {[%emt 0:00:07] [#]} a3 $1 33. Qa1 (33. Bb7 Qxb7) 33... axb2 34. Qxb2 Qc2 {[%emt 0:00:30] Weighted Error Value: White=0.81/Black=0.08 (flawless) .  Mistake:       	White=6     	Black=1      Inaccurate:     	White=1     	---        OK:         	White=5     	Black=10     Best:        	---       	Black=1} 0-1

[Event "Marshall CC U2400 April 2024"]
[Site "New York"]
[Date "2024.04.21"]
[Round "3.4"]
[White "Rosenthal, Max Manuel"]
[Black "Chen, Ryan"]
[Result "1/2-1/2"]
[ECO "B43"]
[WhiteElo "1991"]
[BlackElo "1839"]
[Annotator "TA"]
[PlyCount "112"]
[EventDate "2024.04.20"]
[EventType "swiss"]
[EventCountry "USA"]
[SourceTitle "playchess.com"]
[Source "ChessBase"]
[SourceQuality "1"]
[TimeControl "5400+30"]

1. e4 c5 2. Nf3 e6 3. d4 cxd4 4. Nxd4 a6 5. Nc3 b5 6. a3 Bb7 7. Bd3 Nf6 8. Qe2 Be7 9. e5 Nd5 10. Nxd5 Bxd5 11. Qg4 Kf8 12. Be4 $36 {[%emt 0:10:23][%mdl 2048] White is pushing.} Qc7 13. Bxd5 Qxe5+ 14. Qe4 Qxd5 15. Qxd5 exd5 16. Be3 Nc6 17. O-O-O Bf6 (17... Bc5 $14) 18. Nf3 d4 19. Nxd4 Nxd4 20. Bxd4 Bxd4 21. Rxd4 $16 {[%emt 0:00:04][%mdl 4096] Endgame. KRR-KRR} Ra7 22. Re1 h5 23. Rde4 Ra8 {[%emt 0:00:25] Repels Re8+} 24. Rd1 $1 Ra7 25. Rd6 f6 26. a4 {[%emt 0:00:59] White has more active pieces.} Kf7 27. axb5 axb5 28. Rb6 (28. Kd2 $16) 28... Ra1+ $11 29. Kd2 Rg1 30. g3 ({Reject} 30. Rxb5 Rxg2 31. Ke2 Rxh2 $15) 30... Rg2 31. Ke3 Rxh2 32. Rxb5 g5 33. Rb7 h4 ({Black should try} 33... Rd8 $11) 34. Rxd7+ Kg6 35. gxh4 gxh4 36. Rg4+ Kf5 37. Rg1 ({Better is} 37. Rf4+ $14 Ke6 38. Rc7) 37... Rh3+ 38. Ke2 Re8+ 39. Kd2 Rh2 40. Rf1 h3 41. Rh7 Kg4 {[%emt 0:07:18] [#]} (41... Rb8 $11) 42. c4 $1 $16 {[%emt 0:00:43][%cal Bc2c4,Bc4c5,Bc5c6,Bc6c7][%mdl 32] Black must now prevent c5.} Rg2 {[%emt 0:02:50] [#]} 43. Kc3 (43. Kd3 $1 $16) 43... Re2 $11 {[%emt 0:04:54][%cal Oh3h2] The position is equal.} 44. c5 {[%emt 0:00:43] b4 would now be deadly.} h2 $1 45. c6 {[%emt 0:03:08] Hoping for b4.} Re6 $1 46. c7 Rc6+ 47. Kd4 {[%emt 0:00:11] aiming for Kd5.} Rg1 48. Rxg1+ hxg1=Q 49. Rg7+ Kf3 50. Rxg1 {[%emt 0:00:03] Rg3+ would kill now.} Rxc7 {[%emt 0:00:11] KR-KR} 51. Rb1 Kxf2 52. Ke4 Rc4+ 53. Kd5 Rb4 54. Kc5 Rb3 55. Kc4 Rb8 56. b4 f5 {[%emt 0:00:23] Weighted Error Value: White=0.10 (very precise) /Black=0.08 (flawless) .  Mistake:       	White=3     	Black=3      Inaccurate:     	White=2     	Black=1      OK:         	White=20    	Black=22     Best:        	White=4     	Black=6      Strong:       	White=2     	Black=2} 1/2-1/2

[Event "Marshall CC U2400 April 2024"]
[Site "New York"]
[Date "2024.04.21"]
[Round "3.5"]
[White "Mateos del Pozo, David"]
[Black "Knowles, Chase"]
[Result "1/2-1/2"]
[ECO "C14"]
[WhiteElo "1642"]
[BlackElo "1978"]
[Annotator "TA"]
[PlyCount "73"]
[EventDate "2024.04.20"]
[EventType "swiss"]
[EventCountry "USA"]
[SourceTitle "playchess.com"]
[Source "ChessBase"]
[SourceQuality "1"]
[TimeControl "5400+30"]

1. e4 e6 2. d4 d5 3. Nc3 Nf6 4. Bg5 Be7 5. e5 Ne4 6. Bxe7 Qxe7 7. Nxe4 dxe4 8. c3 {[%emt 0:00:18] Prevents Qb4} Nd7 9. Qg4 f5 10. Qh5+ {[%emt 0:00:49] The position is equal.} g6 11. Qh6 c5 12. a3 b6 (12... Nb6 $15 {stays ahead.}) 13. h4 $16 {[%emt 0:02:56] White is more active.} Bb7 14. Bc4 Rc8 15. Bb3 c4 16. Bc2 b5 {[%emt 0:01:14] [#]} 17. Nh3 (17. a4 $1 $16 ) 17... Nb6 $1 $14 18. Nf4 {[%emt 0:07:33] Black must now prevent Nxg6.} Kf7 (18... Rg8 $11) 19. h5 $18 ({Less strong is} 19. g4 Qf8 20. Qg5 Nd5 $14) 19... g5 {[%emt 0:00:59] [#]} 20. Ng6 Qd8 21. Nxh8+ Qxh8 22. g4 {[%emt 0:06:02] gxf5 is the strong threat.} ({But not} 22. Qxg5 $6 Rg8 23. Qh4 Rg4 $16) 22... Qg7 23. Qxg7+ Kxg7 24. gxf5 exf5 25. Rh2 {[%emt 0:00:33][%cal Of2f3] Strongly threatening f3!} h6 26. a4 b4 27. cxb4 {[%emt 0:02:42][%cal Of2f3,Bc3b4,Bb4b5][%mdl 32] aiming for f3!} Nd5 (27... c3 $142 28. O-O-O g4) 28. b5 Nb4 29. O-O-O (29. Kd2 $18) 29... Bd5 $2 (29... Nd3+ $1 $11 {and Black has nothing to worry.} 30. Kb1 g4) 30. Kd2 Be6 31. Bb1 Rd8 32. Kc3 ({Better is} 32. Rhh1 $18) 32... Nd5+ $14 {[%emt 0:00:41] [#]} 33. Kd2 (33. Kc2 $1 $16) 33... Nf4 $2 (33... Nb4 $1 $11) 34. Ke3 (34. Bc2 $16) 34... Nd5+ $1 $11 35. Kd2 (35. Ke2 $14) 35... Nf4 $16 36. Ke3 ({White should play} 36. Rhh1 $16) 36... Nd5+ $1 $14 37. Kd2 {[%emt 0:00:38] Weighted Error Value: White=0.47/Black=0.45.  Loses game:     	---       	Black=2      Missed win:     	White=1     	---        Mistake:       	White=6     	Black=3      Inaccurate:     	White=4     	Black=1      OK:         	White=8     	Black=8      Best:        	White=1     	Black=3      Strong:       	---       	Black=3      Brilliant:      	White=1     	---} 1/2-1/2

[Event "Marshall CC U2400 April 2024"]
[Site "New York"]
[Date "2024.04.21"]
[Round "4.1"]
[White "Jiang, Jason"]
[Black "Hoffman, Luc"]
[Result "0-1"]
[ECO "A50"]
[WhiteElo "2005"]
[BlackElo "2006"]
[Annotator "TA"]
[PlyCount "64"]
[EventDate "2024.04.20"]
[EventType "swiss"]
[EventCountry "USA"]
[SourceTitle "playchess.com"]
[Source "ChessBase"]
[SourceQuality "1"]
[TimeControl "5400+30"]

1. c4 b6 2. Nc3 Bb7 3. d4 Nf6 4. Qc2 d5 5. cxd5 Nxd5 6. e4 Nxc3 7. bxc3 e6 8. Nf3 c5 (8... Be7 $11) 9. Bb5+ $16 Bc6 $1 10. Bd3 {[%emt 0:03:04][%cal Od4d5] Black must now prevent d5!} Nd7 (10... cxd4 $1 $11 {keeps the balance.} 11. cxd4 Bb4+ 12. Kf1 O-O) 11. O-O {[%emt 0:02:50][%cal Od4d5] And now d5! would win.} Be7 12. Rd1 (12. d5 $16 exd5 13. exd5 Bxd5 14. Re1) 12... cxd4 $1 $14 13. Nxd4 Qc7 14. Qe2 (14. Nxc6 $14 Qxc6 15. Rb1) 14... Ba4 $1 $15 15. Nb5 Qc6 16. Bf4 $2 {[%emt 0:04:45] [#]} O-O $2 (16... Bxd1 17. Rxd1 e5 18. Bc4 exf4 19. Bd5 $19) (16... e5 $1 $19 17. Bg3 a6 (17... Bxd1 18. Rxd1 a6 19. Nd4 $19)) 17. Nc7 e5 (17... Bxd1 18. Rxd1 Qxc3 19. Nxa8 Rxa8 20. Bb1 $17) 18. Nxa8 (18. Nd5 $17 Qd6 (18... Bxd1 $2 {loses.} 19. Nxe7+ Kh8 20. Rxd1 $18) 19. Bg3) 18... exf4 $19 19. Bc4 (19. Bc2 {was necessary.} Bxc2 (19... Rxa8 $2 20. Bxa4 Qxa4 21. e5 $19) 20. Qxc2) 19... Qxa8 (19... Rxa8 20. Bd5 Qc8 (20... Bxd1 21. Rxd1 Qc8 22. Bxa8 $16) 21. Bxa8 Qxa8 22. Rd5 $17) 20. Rd4 Bc6 21. e5 f3 22. Qe1 Nc5 ({Weaker is} 22... fxg2 23. e6 Bf6 (23... Bc5 24. Rxd7 Bxd7 25. exd7 $16) 24. Rxd7 Bxd7 25. exd7 $17) 23. Rad1 Ne6 24. Rg4 fxg2 25. Rg3 Bc5 26. Qe2 Nf4 27. Qg4 {[%emt 0:00:12][%csl Gg3][%cal Rg4g7] [#]} Ng6 28. e6 (28. h4 $142 Qc8 (28... Nxe5 29. Qxg7#) 29. Qxc8 Rxc8 30. e6) 28... fxe6 29. Bxe6+ Kh8 30. Rd4 Bxd4 31. cxd4 Bf3 32. Qg5 Qe4 {[%emt 0:00:21][%csl LRd4,LRe6] Weighted Error Value: White=1.17/Black=0.21 (precise) .  Loses game:     	White=1     	---        Missed win:     	---       	Black=1      Mistake:       	White=6     	Black=2      Inaccurate:     	White=3     	---        OK:         	White=6     	Black=7      Best:        	---       	Black=3      Strong:       	---       	Black=3} 0-1